 Dungeon Crawl Stone Soup version 0.31-a0-7-g51783674b7 (webtiles) character file.

Game seed: 4648798078494726128

163 BubbleThief the Chopper (level 5, -14/48 HPs)
             Began as a Hill Orc Fighter on May 6, 2023.
             Demolished by a wyvern (15 damage)
             ... on level 4 of the Dungeon.
             The game lasted 00:02:30 (2687 turns).

BubbleThief the Chopper (Hill Orc Fighter)          Turns: 2687, Time: 00:02:31

Health: -14/48     AC:  8    Str: 21    XL:     5   Next: 44%
Magic:  5/5        EV:  9    Int:  8    God:
Gold:   147        SH:  4    Dex: 10    Spells: 4/4 levels left

rFire   . . .        a - +0 war axe
rCold   . . .        c - +0 buckler
rNeg    . . .        b - +0 scale mail
rPois   .            q - +0 helmet
rElec   .            (no cloak)
rCorr   .            (no gloves)
SInv    .            (no boots)
Will    .....        (no amulet) Stlth
                     (no ring)
HPRegen 0.28/turn    (no ring)
MPRegen 0.09/turn

%: no passive effects
@: mighty
A: no striking features
a: no special abilities


You were on level 4 of the Dungeon.
You visited 1 branch of the dungeon, and saw 4 of its levels.

You collected 147 gold pieces.

Inventory:

Hand Weapons
 a - a +0 war axe (weapon)
Armour
 b - a +0 scale mail (worn)
 c - a +0 buckler (worn)
 q - a +0 helmet (worn)
Scrolls
 e - 2 scrolls of vulnerability {unknown}
 f - a scroll of amnesia {unknown}
 h - 3 scrolls of enchant armour {unknown}
 j - 5 scrolls of identify {unknown}
 k - 4 scrolls of teleportation {unknown}
 o - a scroll of magic mapping {unknown}
 p - a scroll of butterflies {unknown}
 s - a scroll of torment {unknown}
 t - a scroll of blinking {unknown}
Potions
 g - 3 potions of lignification {unknown}
 i - 2 potions of brilliance {unknown}
 l - 2 potions of resistance {unknown}
 m - a potion of heal wounds {unknown}
 n - a potion of curing {unknown}
 r - a potion of haste {unknown}


   Skills:
 + Level 5.0 Fighting
 * Level 6.1 Axes
 - Level 3.2 Armour
 - Level 3.2 Shields


You had 4 spell levels left.
You didn't know any spells.
Your spell library contained the following spells:

 Spells                   Type           Power      Damage    Failure   Level
 Ensorcelled Hibernation  Hex/Ice        0%         N/A       91%         2
 Spider Form              Tmut/Pois      0%         N/A       99%         3
 Anguish                  Hex/Necr       0%         N/A       100%        4


Dungeon Overview and Level Annotations

Branches:
Dungeon (4/15)
 Temple: D:4-7

Altars:
Yredelemnul


Message History

No target in view!
No target in view!
There is a stone staircase leading down here.
You see here a +0 dagger.
Found 5 stones.
Done exploring.
There is a stone staircase leading down here.
You climb downwards.
There is a stone staircase leading up here.
A wyvern comes into view.
The wyvern hisses angrily.
A wyvern is nearby!
A wyvern is nearby!
Sorry, you're not good enough to have a special ability.
Unknown command.
You aren't carrying any items that you can evoke.
You feel very mighty all of a sudden.
The wyvern bites you but does no damage.
You hit the wyvern.
The wyvern is lightly wounded.
The wyvern bites you.
You slash the wyvern!
The wyvern is moderately wounded.
The wyvern closely misses you. The wyvern bites you!
You completely miss the wyvern.
The wyvern is moderately wounded.
The wyvern barely misses you. The wyvern bites you!
You closely miss the wyvern.
The wyvern is moderately wounded.
You block the wyvern's attack.
The wyvern bites you but does no damage.
You completely miss the wyvern.
The wyvern is moderately wounded.
The wyvern bites you!
You barely miss the wyvern.
The wyvern is moderately wounded.
The wyvern bites you!
* * * LOW HITPOINT WARNING * * *
The wyvern bites you!
You die...

#. .. #. .. ....
.#. .. ♣ #. ###
P.♣P.#l#######<#
~...P..@.......#
~~~....#########
~~~~..# ~~♣~♣.
♣~~ P ~. .. ♣ ~♣
..


You could see a wyvern.

Vanquished Creatures
  A hound (D:3)
  An iguana (D:3)
  Robin (D:2)
  An adder (D:2)
  4 worms (D:2)
  A dart slug (D:2)
  7 endoplasms
  3 giant cockroaches
  9 goblins
  9 hobgoblins
  2 jackals (D:2)
  2 quokkas (D:1)
  6 ball pythons
  8 bats
  3 frilled lizards
  7 kobolds
  7 rats
72 creatures vanquished.

Notes
Turn   | Place    | Note
-------+----------+-------------------------------------------
     0 | D:1      | BubbleThief the Hill Orc Fighter began the quest for the
                  | Orb.
     0 | D:1      | Reached XP level 1. HP: 19/19 MP: 1/1
     9 | D:1      | Reached skill level 3 in Axes
   183 | D:1      | Reached XP level 2. HP: 27/27 MP: 2/2
   507 | D:1      | Reached skill level 4 in Axes
   514 | D:1      | Reached XP level 3. HP: 30/33 MP: 3/3
   838 | D:2      | Found a basalt altar of Yredelemnul.
  1174 | D:2      | Found a faded altar of an unknown god.
  1311 | D:2      | Reached XP level 4. HP: 37/41 MP: 4/4
  1475 | D:2      | Noticed Robin
  1482 | D:2      | Killed Robin
  1483 | D:2      | Reached skill level 5 in Axes
  1736 | D:3      | Reached XP level 5. HP: 20/47 MP: 5/5
  2094 | D:3      | Reached skill level 5 in Fighting
  2094 | D:3      | Reached skill level 6 in Axes
  2679 | D:4      | Noticed a wyvern
  2687 | D:4      | HP: 1/48 [wyvern (15)]
  2687 | D:4      | Demolished by a wyvern

Illustrated notes

Levels and vault maps discovered:
D:1:      dpeg_arrival_stonehenge_8_columns, layout_basic, serial_aquarium,
          aquarium_bridge_square [aquarium_subvault_window,
          aquarium_subvault_wall, aquarium_subvault_bridge,
          aquarium_subvault_wall], aquarium_bridge_straight
          [aquarium_subvault_bridge, aquarium_subvault_wall,
          aquarium_subvault_bridge, aquarium_subvault_wall], aquarium_window_3,
          aquarium_window_corner, aquarium_view_2f, aquarium_view_2d
D:2:      minmay_chambers_of_ones, layout_basic, basic_altar,
          hellmonk_ecumenical_altar_crossroads, uniq_robin
D:3:      layout_rooms, serial_co_window_serial, co_window_paths_a,
          co_window_of_opportunity_a, co_window_corner_a, co_window_paths_b,
          co_window_paths_b, co_window_broadway_b, co_window_cross_2,
          co_window_corner_b, co_window_cross_2, co_window_broadway_a,
          co_window_paths_c, glass_columns_a, glass_columns_b, glass_columns_b,
          glass_columns_b, glass_columns_a, amcnicky_mini_corridor_feature,
          minmay_tree_intersection
D:4:      layout_basic, serial_bayou, serial_bayou_pond_e, serial_bayou_ford_a,
          serial_bayou_pond_a, serial_bayou_pond_e, ebering_ghost_inner_flame

Skill      XL: |  1  2  3  4  5 |
---------------+----------------+-----
Axes           | 3 4 5 6 |  6.1
Fighting       | 4 5 |  5.0
Armour         | |  3.2
Shields        | |  3.2

Action                     |  1- 3 |  4- 6 || total
---------------------------+-------+-------++-------
  Melee: War axe           |   101 |    97 ||   198
    Use: Potion            |       |     1 ||     1
 Armour: Scale mail        |    42 |    38 ||    80
  Dodge: Dodged            |    34 |    41 ||    75
  Block: Buckler           |    23 |    26 ||    49

Table legend: (Time is in decaauts)
 A = Elapsed time spent in this place.
 B = Non-inter-level travel time spent in this place.
 C = Inter-level travel time spent in this place.
 D = Time resting spent in this place.
 E = Time spent auto-exploring this place.
 F = Levels seen in this place.
 G = Mean time per level.
                   A        B        C        D        E       F      G
               +--------+--------+--------+--------+--------+-----+--------+
         Total |   2744 |   2667 |     77 |      0 |   2212 |   4 |  686.0 |
       Dungeon |   2744 |   2667 |     77 |      0 |   2212 |   4 |  686.0 |
               +--------+--------+--------+--------+--------+-----+--------+

Top non-repeatable levels by time:
     D:2: 1030 daAuts
     D:3: 969 daAuts
     D:1: 728 daAuts
     D:4: 16 daAuts
